 Dungeon Crawl Stone Soup version 0.16-a0-4108-g6e49b0d (webtiles) character file.

286 Chiseanne the Skirmisher (level 6, -1/49 HPs)
             Began as a Mummy Fighter on Feb 26, 2015.
             Was an Initiate of Gozag.
             Killed from afar by WhatIsLove's ghost (3 damage)
             ... with a magic dart
             ... on level 4 of the Dungeon.
             The game lasted 00:08:52 (2941 turns).

Chiseanne the Skirmisher (Mummy Fighter)            Turns: 2941, Time: 00:08:52

Health: -1/49      AC:  7    Str: 19    XL:     6   Next: 8%
Magic:  0/6        EV:  8    Int:  7    God:    Gozag
Gold:   35         SH: 10    Dex: 13    Spells: 0 memorised, 5 levels left

rFire  x . .     SeeInvis .     o - +1 short sword (elec)
rCold  + . .     Clarity  .     b - +0 scale mail
rNeg   + + +     SustAb   .     c - +1 shield
rPois  ∞         Gourm    .     m - +0 helmet
rElec  .         Spirit   +     (no cloak)
rCorr  .         Warding  .     (no gloves)
rMut   .         Stasis   .     (no boots)
MR     .....                    k - amulet of guardian spirit
Stlth  ..........               (no ring)
                                i - ring of invisibility

@: not resistant to hostile enchantments, extremely unstealthy
A: no food or potions, fire vulnerability, restore body, cold resistance 1,
negative energy resistance 3, poison resistance, torment resistance, unbreathing
a: Potion Petition, Call Merchant, Bribe Branch, Renounce Religion, Evoke
Invisibility


You were on level 4 of the Dungeon.
You worshipped Gozag.
Gozag was noncommittal.
You were not hungry.

You visited 2 branches of the dungeon, and saw 5 of its levels.

You collected 111 gold pieces.
You paid 76 gold pieces to Gozag.

Inventory:

Hand weapons
 a - a +0 war axe
 d - a +1 vampiric whip
 o - a +1 short sword of electrocution (weapon)
 p - a +0 morningstar
 s - a +3 dagger of venom
 w - a +0 blowgun
Missiles
 e - 18 steel sling bullets
 g - 20 arrows
 h - 50 sling bullets
 l - 156 stones (quivered)
 n - 40 poisoned needles
Armour
 b - a +0 scale mail (worn)
 c - a +1 shield (worn)
 m - a +0 helmet (worn)
Jewellery
 i - a ring of invisibility (left hand)
 k - an amulet of guardian spirit (around neck)
Scrolls
 f - 2 scrolls of identify
 j - 3 scrolls of remove curse
Books
 q - a book of Clouds

   Spells                             Type                      Level
   a - Mephitic Cloud                 Conjuration/Poison/Air       3
   b - Conjure Flame                  Conjuration/Fire             3
   c - Poisonous Cloud                Conjuration/Poison/Air       6
   d - Freezing Cloud                 Conjuration/Ice/Air          6
   e - Ring of Flames                 Charms/Fire                  7


   Skills:
 * Level 4.5 Fighting
 - Level 1.5 Axes
 - Level 2.4 Armour
 * Level 2.6 Dodging
 * Level 3.9 Shields


You had 5 spell levels left.
You didn't know any spells.

Dungeon Overview and Level Annotations

Branches:
Dungeon (4/15)             Temple (1/1) D:4

Altars:
Ashenzari
Elyvilon
Fedhas
Gozag
Makhleb
Nemelex Xobeh
Okawaru
Qazlal
Sif Muna
Vehumet
Xom
Zin

Annotations:
D:4 WhatIsLove's ghost, average DgCj


Innate Abilities, Weirdness & Mutations

You do not eat or drink.
Your flesh is vulnerable to fire.
Your flesh is cold resistant.
You are immune to negative energy.
Your system is resistant to poisons.
You are immune to unholy pain and torment.
You can survive without breathing.


Message History

You barely miss WhatIsLove's ghost.
WhatIsLove's ghost is heavily damaged.
WhatIsLove's ghost gestures at you while chanting.
The magic dart hits you!
* * * LOW HITPOINT WARNING * * *
Read which item? (? for menu, Esc to quit)
Okay, then.
WhatIsLove's ghost casts a spell at you.
You block the spray of energy.
There is an open door here.
WhatIsLove's ghost points at you and mumbles some strange words.
The spray of energy hits you!
* * * LOW HITPOINT WARNING * * *
WhatIsLove's ghost casts a spell at you.
The magic dart hits you!
WhatIsLove's ghost makes a sound of rattling chains.
WhatIsLove's ghost points at you and mumbles some strange words.
The magic dart hits you!
You die...
Your body crumbles into a pile of gold.

..#####................
. #....##'#........
#....#..+....#+#
#...W'..#....+
###....####....#
#..............#
#..............#
#..............+
#.......@......#
#..............#
#####....<.....#
###..........#
#......##+####
###.#....'....#
#...P....#....+
#........#....#
#...>....#....#


You could see WhatIsLove's ghost.

Vanquished Creatures
  A sky beast (D:4)
  A goliath beetle (D:3)
  Ijyb (D:3)
  Robin (D:2)
  4 adders
  A giant mite (D:3)
  2 worms
  A giant gecko (D:2)
  An ooze (D:1)
  8 orcs (D:3)
  7 bats
  4 giant cockroaches
  6 hobgoblins
  11 kobolds
  4 giant newts
  11 goblins
  A quokka (D:3)
  4 rats
69 creatures vanquished.

Notes
Turn   | Place    | Note
--------------------------------------------------------------
     0 | D:1      | Chiseanne, the Mummy Fighter, began the quest for the Orb.
     0 | D:1      | Reached XP level 1. HP: 18/18 MP: 1/1
   392 | D:1      | Reached XP level 2. HP: 20/24 MP: 2/2
   458 | D:1      | Found a shattered altar of Ashenzari.
   881 | D:2      | Reached skill level 1 in Dodging
   966 | D:2      | Reached XP level 3. HP: 29/29 MP: 3/3
  1010 | D:2      | Noticed Robin
  1031 | D:2      | Killed Robin
  1525 | D:2      | Reached XP level 4. HP: 35/37 MP: 4/4
  2118 | D:3      | Noticed Ijyb
  2132 | D:3      | Killed Ijyb
  2132 | D:3      | Reached skill level 4 in Fighting
  2136 | D:3      | Reached XP level 5. HP: 39/42 MP: 5/5
  2690 | D:4      | Found a staircase to the Ecumenical Temple.
  2690 | D:4      | Noticed a sky beast
  2698 | Temple   | Entered the Ecumenical Temple
  2732 | Temple   | Became a worshipper of Gozag Ym Sagoz the Greedy
  2825 | D:4      | Killed a sky beast
  2825 | D:4      | Reached XP level 6. HP: 38/49 MP: 6/6
  2919 | D:4      | Noticed WhatIsLove's ghost (average DgCj)
  2931 | D:4      | HP: 1/49 [WhatIsLove's ghost/spray of energy (10)]
  2941 | D:4      | Killed from afar by WhatIsLove's ghost

Action                   |  1- 3 |  4- 6 || total
-------------------------+-------+-------++-------
Melee: War axe           |    80 |       ||    80
       Dagger            |    55 |    92 ||   147
       Short sword       |       |     6 ||     6
  Use: Scroll            |     2 |     4 ||     6
